BLB
NEW ORLEANS VOODOO @ BALTIMORE BULLDOGS
07/05/2060
 
TOP OF THE 1ST
New Orleans Voodoo batting - Pitching for Baltimore Bulldogs : LHP Riley Hein
Pitching: LHP Riley Hein
Batting: RHB Jefferson Turner 0-0: Fly out, F7 (Flyball, 7, EV 87.5 MPH)
Batting: LHB Daryl Walken 0-0: Ball
1-0: Fly out, F9 (Line Drive, 89M, EV 94.4 MPH)
Batting: RHB Lon Leseberg 0-0: Ball
1-0: Called Strike
1-1: Foul Ball, location: 2F
1-2: Fly out, F7 (Flyball, 7, EV 89.4 MPH)
Top of the 1st over - 0 runs, 0 hits, 0 errors, 0 left on base; New Orleans 0 - Baltimore 0
BOTTOM OF THE 1ST
Baltimore Bulldogs batting - Pitching for New Orleans Voodoo : RHP Jackson Waddell
Pitching: RHP Jackson Waddell
Batting: RHB James Hylton 0-0: TRIPLE (Line Drive, 89XD, EV 106.9 MPH)
Batting: RHB Joseph Olsen 0-0: Ball
1-0: SINGLE (Flyball, 56D, EV 87.5 MPH)
James Hylton scores
Batting: LHB Grady Faulkner 0-0: Called Strike
0-1: Ball
1-1: Ball
2-1: Foul Ball, location: 2F
2-2: Ball
3-2: Fly out, F8 (Flyball, 8RXD, EV 110.6 MPH)
Batting: SHB Val Schmit 0-0: Ball
Joseph Olsen steals 2nd base
1-0: Foul Ball, location: 2F
1-1: Ball
2-1: Foul Ball, location: 2F
2-2: Ball
3-2: Foul Ball, location: 2F
3-2: SINGLE (Line Drive, 7S, EV 101.2 MPH)
Joseph Olsen to third
Runner from 3rd tries for Home, SAFE, throw by LF to home
Batting: LHB Owen Keimig 0-0: Ball
1-0: Ball
2-0: SINGLE (Line Drive, 4D, EV 100.0 MPH)
Val Schmit to second
Batting: SHB Ulisses Schnopp 0-0: Swinging Strike
0-1: Called Strike
0-2: Foul Ball, location: 2F
0-2: Foul Ball, location: 2F
0-2: Ball
1-2: SINGLE (Groundball, 25, EV 74.4 MPH) (infield hit)
Val Schmit to third
Owen Keimig to second
Batting: RHB Stephen Cuff 0-0: Ball
1-0: Called Strike
1-1: Ball
2-1: Fly out, F7 (Flyball, 7LM, EV 107.5 MPH)
Runner from 3rd tags up, SCORES, throw by LF
Batting: LHB Justin Castiglioni 0-0: Ball
1-0: Ball
2-0: Called Strike
2-1: Ball
3-1: Fielders Choice at 2nd, 6-4 (Groundball, 6, EV 85.6 MPH)
Bottom of the 1st over - 3 runs, 5 hits, 0 errors, 2 left on base; New Orleans 0 - Baltimore 3
TOP OF THE 2ND
New Orleans Voodoo batting - Pitching for Baltimore Bulldogs : LHP Riley Hein
Batting: RHB Dez Swanson 0-0: Called Strike
0-1: Foul Ball, location: 2F
0-2: DOUBLE (Line Drive, 78D, EV 103.8 MPH)
Batting: RHB Darrin Cramer 0-0: Called Strike
0-1: Ball
1-1: Swinging Strike
1-2: Strikes out swinging
Batting: RHB Jeremie Holzschuh 0-0: Ball
1-0: Called Strike
1-1: Ball
2-1: Ground out 6-3 (Groundball, 6, EV 86.9 MPH)
Batting: RHB Lucas Anderson 0-0: Foul Ball, location: 2F
0-1: Called Strike
0-2: SINGLE (Groundball, 4MD, EV 100.0 MPH)
Dez Swanson to third
Runner from 3rd tries for Home, throw by CF and OUT! 8-2
Top of the 2nd over - 0 runs, 2 hits, 0 errors, 1 left on base; New Orleans 0 - Baltimore 3
BOTTOM OF THE 2ND
Baltimore Bulldogs batting - Pitching for New Orleans Voodoo : RHP Jackson Waddell
Batting: RHB Kyle Dodiry 0-0: Ball
1-0: Foul Ball, location: 2F
1-1: Swinging Strike
1-2: Fly out, F7 (Flyball, 7S, EV 78.1 MPH)
Batting: RHB James Hylton 0-0: Swinging Strike
0-1: Ball
1-1: Ball
2-1: SINGLE (Line Drive, 78S, EV 87.5 MPH)
Batting: RHB Joseph Olsen 0-0: Ball
1-0: Ball
2-0: DOUBLE (Flyball, 8RXD, EV 100.6 MPH)
James Hylton to third
Runner from 3rd tries for Home, SAFE, no throw by CF
Batting: LHB Grady Faulkner 0-0: Ball
Joseph Olsen steals 3rd, throwing error, E2
Joseph Olsen scores
1-0: Fly out, F4 (Popup, 4MD, EV 48.8 MPH)
Batting: SHB Val Schmit 0-0: Hit by Pitch
Batting: LHB Owen Keimig 0-0: Ball
1-0: Fly out, F7 (Flyball, 7, EV 95.0 MPH)
Bottom of the 2nd over - 2 runs, 2 hits, 1 error, 1 left on base; New Orleans 0 - Baltimore 5
TOP OF THE 3RD
New Orleans Voodoo batting - Pitching for Baltimore Bulldogs : LHP Riley Hein
Batting: LHB Jordy Wovchanoff 0-0: Ball
1-0: Ground out 3-1 (Groundball, 13, EV 87.5 MPH)
Batting: RHB D'Angelo James 0-0: Ball
1-0: Swinging Strike
1-1: Ball
2-1: Swinging Strike
2-2: DOUBLE (Line Drive, 7LS, EV 106.2 MPH)
Batting: RHB Jefferson Turner 0-0: Ground out 5-3 (Groundball, 56, EV 86.2 MPH)
Batting: LHB Daryl Walken 0-0: Called Strike
0-1: Ball
1-1: Swinging Strike
1-2: Ball
2-2: Strikes out swinging
Top of the 3rd over - 0 runs, 1 hit, 0 errors, 1 left on base; New Orleans 0 - Baltimore 5
BOTTOM OF THE 3RD
Baltimore Bulldogs batting - Pitching for New Orleans Voodoo : RHP Jackson Waddell
Batting: SHB Ulisses Schnopp 0-0: Ground out 1-3 (Groundball, 13, EV 63.1 MPH)
Batting: RHB Stephen Cuff 0-0: SINGLE (Line Drive, 6D, EV 99.4 MPH)
Batting: LHB Justin Castiglioni 0-0: Ball
1-0: Fielders Choice at 2nd, 6-4 (Groundball, 6, EV 79.4 MPH)
Batting: RHB Kyle Dodiry 0-0: Foul Ball, location: 2F
0-1: Ball
1-1: Called Strike
Justin Castiglioni steals 2nd base (no throw)
1-2: Strikes out looking
Bottom of the 3rd over - 0 runs, 1 hit, 0 errors, 1 left on base; New Orleans 0 - Baltimore 5
TOP OF THE 4TH
New Orleans Voodoo batting - Pitching for Baltimore Bulldogs : LHP Riley Hein
Batting: RHB Lon Leseberg 0-0: Ball
1-0: Ball
2-0: Called Strike
2-1: Foul Ball, location: 2F
2-2: Hit by Pitch
Batting: RHB Dez Swanson 0-0: Called Strike
0-1: Ball
1-1: Swinging Strike
1-2: SINGLE (Line Drive, 8RS, EV 92.5 MPH)
Lon Leseberg to second
Batting: RHB Darrin Cramer 0-0: Called Strike
0-1: Ball
1-1: Swinging Strike
1-2: SINGLE (Groundball, 4M, EV 88.8 MPH) (infield hit)
Lon Leseberg to third
Dez Swanson to second
Batting: RHB Jeremie Holzschuh 0-0: Called Strike
0-1: Grounds into fielders choice 1-2 (Groundball, 13, EV 69.4 MPH)
Dez Swanson to third
Darrin Cramer to second
Batting: RHB Lucas Anderson 0-0: Foul Ball, location: 2F
0-1: Ball
1-1: Ball
2-1: Called Strike
2-2: Strikes out swinging
Batting: LHB Jordy Wovchanoff 0-0: Ball
1-0: SINGLE (Line Drive, 89S, EV 86.2 MPH)
Dez Swanson scores
Darrin Cramer to third
Jeremie Holzschuh to second
Batting: RHB D'Angelo James 0-0: Called Strike
0-1: Ball
1-1: Ball
2-1: Ball
3-1: Base on Balls
Darrin Cramer scores
Jeremie Holzschuh to third
Jordy Wovchanoff to second
Batting: RHB Jefferson Turner 0-0: Ball
1-0: Ball
2-0: Ball
3-0: Called Strike
3-1: Fly out, F7 (Flyball, 7, EV 84.4 MPH)
Top of the 4th over - 2 runs, 3 hits, 0 errors, 3 left on base; New Orleans 2 - Baltimore 5
BOTTOM OF THE 4TH
Baltimore Bulldogs batting - Pitching for New Orleans Voodoo : RHP Jackson Waddell
Batting: RHB James Hylton 0-0: Ball
1-0: Foul Ball, location: 2F
1-1: Ball
2-1: TRIPLE (Flyball, 89XD, EV 105.0 MPH)
Pitching: LHP Max Biggers
Batting: RHB Joseph Olsen 0-0: Ball
1-0: Ball
2-0: Fly out, F4 (Line Drive, 4M, EV 71.9 MPH)
Batting: LHB Grady Faulkner 0-0: DOUBLE (Line Drive, 9LD, EV 99.4 MPH)
James Hylton scores
Batting: SHB Val Schmit 0-0: Ball
1-0: Fly out, F6 (Popup, 6M, EV 53.1 MPH)
Batting: LHB Owen Keimig 0-0: Called Strike
0-1: Called Strike
0-2: Strikes out looking
Bottom of the 4th over - 1 run, 2 hits, 0 errors, 1 left on base; New Orleans 2 - Baltimore 6
TOP OF THE 5TH
New Orleans Voodoo batting - Pitching for Baltimore Bulldogs : LHP Riley Hein
Batting: LHB Daryl Walken 0-0: Foul Ball, location: 2F
0-1: Foul Ball, location: 2F
0-2: Ball
1-2: Foul Ball, location: 2F
1-2: Ground out 4-3 (Groundball, 4MS, EV 70.6 MPH)
Batting: RHB Lon Leseberg 0-0: Foul Ball, location: 2F
0-1: Called Strike
0-2: Strikes out looking
Batting: RHB Dez Swanson 0-0: Ball
1-0: Ball
2-0: Ball
3-0: Called Strike
3-1: Base on Balls
Batting: RHB Darrin Cramer 0-0: Ball
1-0: Ball
2-0: Ball
3-0: Called Strike
3-1: Foul Ball, location: 2F
3-2: Base on Balls
Dez Swanson to second
Batting: RHB Jeremie Holzschuh 0-0: Ball
1-0: Foul Ball, location: 2F
1-1: Called Strike
1-2: Foul Ball, location: 2F
1-2: Ball
2-2: Fly out, F8 (Flyball, 8RD, EV 105.0 MPH)
Top of the 5th over - 0 runs, 0 hits, 0 errors, 2 left on base; New Orleans 2 - Baltimore 6
BOTTOM OF THE 5TH
Baltimore Bulldogs batting - Pitching for New Orleans Voodoo : LHP Max Biggers
Batting: SHB Ulisses Schnopp 0-0: Ball
1-0: Foul Ball, location: 2F
1-1: Foul Ball, location: 2F
1-2: Foul Ball, location: 2F
1-2: Strikes out swinging
Batting: RHB Stephen Cuff 0-0: Ball
1-0: Called Strike
1-1: Fly out, F8 (Flyball, 8LD, EV 92.5 MPH)
Batting: LHB Justin Castiglioni 0-0: Called Strike
0-1: Ball
1-1: Swinging Strike
1-2: Ball
2-2: Foul Ball, location: 2F
2-2: Foul Ball, location: 2F
2-2: Strikes out swinging
Bottom of the 5th over - 0 runs, 0 hits, 0 errors, 0 left on base; New Orleans 2 - Baltimore 6
TOP OF THE 6TH
New Orleans Voodoo batting - Pitching for Baltimore Bulldogs : LHP Riley Hein
Batting: RHB Lucas Anderson 0-0: DOUBLE (Line Drive, 9LS, EV 96.2 MPH)
Batting: LHB Jordy Wovchanoff 0-0: Called Strike
0-1: Ball
1-1: SINGLE (Groundball, P, EV 85.0 MPH) (infield hit)
Lucas Anderson to third
Batting: RHB D'Angelo James 0-0: Ball
1-0: Ball
2-0: Ball
3-0: Called Strike
3-1: Base on Balls
Jordy Wovchanoff to second
Pitching: LHP Bryan Crapps
Batting: RHB Jefferson Turner 0-0: Foul Ball, location: 2F
0-1: Fly out, F8 (Flyball, 8RXD, EV 109.4 MPH)
Runner from 3rd tags up, SCORES, no throw by CF
Jordy Wovchanoff to third
Batting: LHB Daryl Walken 0-0: Foul Ball, location: 2F
0-1: Ball
1-1: Foul Ball, location: 2F
1-2: Ball
Pickoff Throw to First - Out! 1-3
2-2: SINGLE (Line Drive, 7S, EV 87.5 MPH)
Jordy Wovchanoff scores
Batting: RHB Lon Leseberg 0-0: Ball
1-0: Called Strike
1-1: Ball
2-1: Called Strike
2-2: Strikes out looking
Top of the 6th over - 2 runs, 3 hits, 0 errors, 1 left on base; New Orleans 4 - Baltimore 6
BOTTOM OF THE 6TH
Baltimore Bulldogs batting - Pitching for New Orleans Voodoo : LHP Max Biggers
Batting: RHB Kyle Dodiry 0-0: Ball
1-0: Ground out 6-3 (Groundball, 6, EV 86.2 MPH)
Batting: RHB James Hylton 0-0: Foul Ball, location: 2F
0-1: Ball
1-1: Ball
2-1: Foul Ball, location: 2F
2-2: Ball
3-2: Base on Balls
Batting: RHB Joseph Olsen 0-0: Ball
1-0: Called Strike
James Hylton steals 2nd base (no throw)
1-1: Called Strike
1-2: Ground out 1-3 (Groundball, 13S, EV 65.0 MPH)
James Hylton to third
Batting: LHB Grady Faulkner 0-0: Ball
1-0: Foul Ball, location: 2F
1-1: Fly out, F5 (Popup, 5F, EV 76.2 MPH)
Bottom of the 6th over - 0 runs, 0 hits, 0 errors, 1 left on base; New Orleans 4 - Baltimore 6
TOP OF THE 7TH
New Orleans Voodoo batting - Pitching for Baltimore Bulldogs : LHP Bryan Crapps
Now at 1B: Cole Watson
Batting: RHB Dez Swanson 0-0: Swinging Strike
0-1: Swinging Strike
0-2: Strikes out swinging
Batting: RHB Darrin Cramer 0-0: Called Strike
0-1: Called Strike
0-2: Ball
1-2: TRIPLE (Flyball, 78XD, EV 110.0 MPH)
Batting: RHB Jeremie Holzschuh 0-0: Ball
1-0: Ball
2-0: Called Strike
2-1: Foul Ball, location: 2F
2-2: Foul Ball, location: 2F
2-2: DOUBLE (Line Drive, 7LS, EV 108.1 MPH)
Darrin Cramer scores
Batting: RHB Lucas Anderson 0-0: Ball
1-0: Foul Ball, location: 2F
1-1: Called Strike
1-2: Foul Ball, location: 2F
1-2: Fly out, F9 (Flyball, 9S, EV 85.0 MPH)
Batting: LHB Jordy Wovchanoff 0-0: Called Strike
0-1: Ball
1-1: Foul Ball, location: 2F
1-2: Strikes out swinging
Top of the 7th over - 1 run, 2 hits, 0 errors, 1 left on base; New Orleans 5 - Baltimore 6
BOTTOM OF THE 7TH
Baltimore Bulldogs batting - Pitching for New Orleans Voodoo : LHP Max Biggers
Batting: SHB Val Schmit 0-0: Foul Ball, location: 2F
0-1: Ball
1-1: Foul Ball, location: 2F
1-2: Strikes out swinging
Batting: LHB Owen Keimig 0-0: Called Strike
0-1: Ball
1-1: SINGLE (Groundball, 4MD, EV 103.8 MPH)
Batting: SHB Ulisses Schnopp 0-0: Ball
1-0: SINGLE (Groundball, 56S, EV 71.9 MPH) (infield hit)
Owen Keimig to second
Batting: RHB Stephen Cuff 0-0: Called Strike
0-1: Ball
1-1: Called Strike
1-2: Ball
2-2: 3-RUN HOME RUN (Line Drive, 7D, EV 100.0 MPH), Distance : 370 ft
Pitching: RHP Charles Young
Batting: LHB Justin Castiglioni 0-0: Swinging Strike
0-1: Called Strike
0-2: SINGLE (Groundball, 3D, EV 105.0 MPH)
Batting: RHB Kyle Dodiry 0-0: Called Strike
0-1: Ball
1-1: Swinging Strike
1-2: Foul Ball, location: 2F
1-2: Foul Ball, location: 2F
1-2: DOUBLE (Groundball, 5L, EV 105.0 MPH)
Justin Castiglioni to third
Runner from 3rd tries for Home, SAFE, throw by LF to trailing runner, SAFE at third!
Batting: RHB James Hylton 0-0: Fly out, F8 (Line Drive, 8RM, EV 87.5 MPH)
Batting: RHB Joseph Olsen 0-0: Called Strike
0-1: Ball
1-1: Foul Ball, location: 2F
1-2: Ball
2-2: DOUBLE (Line Drive, 5D, EV 95.0 MPH)
Kyle Dodiry scores
Batting: SHB Cole Watson 0-0: Ball
1-0: Ground out 3-1 (Groundball, 34, EV 109.4 MPH)
Bottom of the 7th over - 5 runs, 6 hits, 0 errors, 1 left on base; New Orleans 5 - Baltimore 11
TOP OF THE 8TH
New Orleans Voodoo batting - Pitching for Baltimore Bulldogs : LHP Bryan Crapps
Batting: RHB D'Angelo James 0-0: Ball
1-0: Ball
2-0: Called Strike
2-1: Swinging Strike
2-2: Strikes out swinging
Batting: RHB Jefferson Turner 0-0: Fly out, F8 (Flyball, 8LXD, EV 98.8 MPH)
Batting: LHB Daryl Walken 0-0: Foul Ball, location: 2F
0-1: Fly out, F8 (Line Drive, 89M, EV 92.5 MPH)
Top of the 8th over - 0 runs, 0 hits, 0 errors, 0 left on base; New Orleans 5 - Baltimore 11
BOTTOM OF THE 8TH
Baltimore Bulldogs batting - Pitching for New Orleans Voodoo : RHP Charles Young
Batting: SHB Val Schmit 0-0: Fly out, F8 (Flyball, 8RXD, EV 103.8 MPH)
Batting: LHB Owen Keimig 0-0: Ball
1-0: DOUBLE (Flyball, 78D, EV 111.2 MPH)
Batting: SHB Ulisses Schnopp 0-0: Ball
1-0: Swinging Strike
1-1: Swinging Strike
1-2: Strikes out swinging
Batting: RHB Stephen Cuff 0-0: 2-RUN HOME RUN (Flyball, 78XD, EV 88.8 MPH) (Inside the Park)
Batting: LHB Justin Castiglioni 0-0: Ball
1-0: SOLO HOME RUN (Flyball, 9D, EV 97.5 MPH), Distance : 388 ft
Pitching: LHP Harrison Ford
Batting: RHB Kyle Dodiry 0-0: Swinging Strike
0-1: Ball
1-1: Called Strike
1-2: Strikes out swinging
Bottom of the 8th over - 3 runs, 3 hits, 0 errors, 0 left on base; New Orleans 5 - Baltimore 14
TOP OF THE 9TH
New Orleans Voodoo batting - Pitching for Baltimore Bulldogs : LHP Bryan Crapps
Batting: RHB Lon Leseberg 0-0: Ball
1-0: Fly out, F8 (Flyball, 89D, EV 103.1 MPH)
Batting: RHB Dez Swanson 0-0: Ball
1-0: Foul Ball, location: 2F
1-1: Foul Ball, location: 2F
1-2: Foul Ball, location: 2F
1-2: Ball
2-2: Foul Ball, location: 2F
2-2: SINGLE (Flyball, 6D, EV 85.0 MPH)
Pitching: LHP Rakeem Senegal
Batting: RHB Darrin Cramer 0-0: Called Strike
0-1: Called Strike
0-2: Strikes out swinging
Batting: RHB Jeremie Holzschuh 0-0: Ball
1-0: Foul Ball, location: 2F
1-1: Fielders Choice at 2nd, 6-4 (Groundball, 6, EV 108.1 MPH)
Top of the 9th over - 0 runs, 1 hit, 0 errors, 1 left on base; New Orleans 5 - Baltimore 14
Wednesday, May 15th , 2024 - OOTP Baseball 23.10 Build 110